 Dungeon Crawl Stone Soup version 0.25-a0-290-g4a1327e (webtiles) character file.

Game seed: 15022635936223435351, levelgen mode: deterministic

338 MrTaco21 the Skirmisher (level 6, -1/41 HPs)
             Began as a Gargoyle Fighter on Dec 14, 2019.
             Killed from afar by an orc wizard (6 damage)
             ... with a puff of frost
             ... on level 6 of the Dungeon.
             The game lasted 00:12:12 (2981 turns).

MrTaco21 the Skirmisher (Gargoyle Fighter)          Turns: 2981, Time: 00:12:13

Health: -1/41      AC: 12    Str: 22    XL:     6   Next: 55%
Magic:  0/6        EV:  7    Int:  8    God:
Gold:   104        SH:  9    Dex:  9    Spells: 5/5 levels left

rFire    . . .     SeeInvis .   a - +0 flail
rCold    . . .     Gourm    .   c - +0 shield
rNeg     + . .     Faith    .   b - +0 scale mail
rPois    ∞         Spirit   +   q - +0 helmet
rElec    +         Reflect  .   (no cloak)
rCorr    .         Harm     .   (no gloves)
MR       .....                  (no boots)
Stlth    ..........             o - amulet of guardian spirit
HPRegen  0.13/turn              (no ring)
MPRegen  0.10/turn              (no ring)

@: no status effects
A: negative energy resistance 1, electricity resistance, unbreathing,
petrification resistance, rot immunity, AC +4
a: no special abilities


You were on level 6 of the Dungeon.
You were not hungry.

You visited 1 branch of the dungeon, and saw 5 of its levels.

You collected 104 gold pieces.

Inventory:

Hand Weapons
 a - a +0 flail (weapon)
Missiles
 k - 2 throwing nets (quivered) {!f}
Armour
 b - a +0 scale mail (worn)
 c - a +0 shield (worn)
 q - a +0 helmet (worn)
   (You found it on level 5 of the Dungeon)
Jewellery
 o - an amulet of guardian spirit (around neck)
   (You found it on level 3 of the Dungeon)
Scrolls
 g - 2 scrolls of remove curse {@r2}
 i - 4 scrolls of identify {@r1}
 j - a scroll of fear {unknown}
 l - a scroll of immolation {unknown}
 m - 2 scrolls of teleportation {unknown}
 n - a scroll of enchant weapon {unknown}
 s - a scroll of blinking {unknown}
 u - a scroll of amnesia {unknown}
Potions
 d - a potion of might
 h - 2 potions of degeneration {unknown}
 p - a potion of berserk rage {unknown}
 r - 2 potions of mutation {unknown}
 t - 2 potions of heal wounds {unknown}
Comestibles
 e - 4 rations {!d}


   Skills:
 + Level 6.0 Fighting
 + Level 4.9 Maces & Flails
 - Level 3.2 Armour
 - Level 3.2 Shields


You had 5 spell levels left.
You didn't know any spells.
Your spell library was empty.

Dungeon Overview and Level Annotations

Branches:
Dungeon (6/15)             Temple (0/1) D:5

Altars:
Fedhas
Makhleb
Qazlal
Ru

Annotations:
D:2 Sigmund
D:5 Blork the orc


Innate Abilities, Weirdness & Mutations

You are resistant to torment.
Your stone body is resilient. (AC +4)
You are immune to poison.
You resist negative energy. (rN+)
You are resistant to electric shocks. (rElec)
You can survive without breathing.
You are immune to petrification.
You are immune to rotting.


Message History

The jackal bites you but does no damage.
You barely miss the jackal. The jackal barely misses you.
The jackal bites you but does no damage.
You block the jackal's attack. Something hits you.
The jackal barely misses you. You block the jackal's attack.
Your shield and scale mail prevent you from hitting the jackal.
You block the jackal's attack. Something hits you.
The jackal bites you but does no damage. x3
The jackal barely misses you. Something hits you.
* * * LOW HITPOINT WARNING * * *
You hit the jackal. The jackal barely misses you.
The jackal bites you but does no damage.
Something hits you but does no damage. You block the jackal's attack.
The jackal bites you but does no damage.
The jackal bites you but does no damage. x2
You block the jackal's attack.
The jackal bites you but does no damage.
You block something's attack.
The jackal bites you but does no damage.
The jackal bites you but does no damage.
You block the jackal's attack. You block the jackal's attack.
The jackal bites you but does no damage.
The jackal bites you but does no damage.
The jackal bites you but does no damage.
There is a stone staircase leading down here.
The jackal bites you but does no damage.
The jackal barely misses you.
You climb downwards.
Reactivating autopickup.
The orc warrior hits you with a +0 scimitar!
* * * LOW HITPOINT WARNING * * *
The orc barely misses you. You block the orc's attack.
The orc hits you but does no damage.
The orc warrior hits you with a +0 scimitar.
* * * LOW HITPOINT WARNING * * *
There is a stone staircase leading up here.
The orc wizard points at you and mumbles some strange words.
The puff of flame hits you but does no damage.
The jackal bites you but does no damage.
The orc barely misses you.
The jackal bites you but does no damage.
The jackal barely misses you. The orc wizard casts a spell at you.
The puff of frost hits you!
You die...

########
##......##
##........##
#.!.....?..#
#..........##
#.....o.....###
#..o.oh@....).##
#..o.......##..##
##..!.....##
...### #........##
.....#
#######...##......
#...#....... ♣
♣♣♣##...#.......
♣.♣.......)....#
♣.PP......#####


You could see an orc warrior, an orc wizard, 2 orcs and a jackal.

Vanquished Creatures
  A centaur (D:5)
  A scorpion (D:5)
  A crimson imp (D:5)
  An orc priest (D:5)
  A worker ant (D:5)
  5 adders
  An ooze (D:1)
  2 dart slugs (D:2)
  3 leopard geckos
  3 orcs (D:5)
  7 bats
  4 giant cockroaches
  8 goblins
  7 hobgoblins
  10 jackals
  A quokka (D:2)
  6 frilled lizards
  2 kobolds (D:2)
  2 rats (D:1)
66 creatures vanquished.

Notes
Turn   | Place    | Note
-------+----------+-------------------------------------------
     0 | D:1      | MrTaco21 the Gargoyle Fighter began the quest for the Orb.
     0 | D:1      | Reached XP level 1. HP: 14/14 MP: 1/1
    40 | D:1      | Reached XP level 2. HP: 7/19 MP: 2/2
   392 | D:1      | Reached XP level 3. HP: 24/24 MP: 3/3
   476 | D:1      | Reached skill level 4 in Fighting
   965 | D:2      | Found a burning altar of Makhleb.
  1378 | D:2      | Found a sacrificial altar of Ru.
  1379 | D:2      | Reached XP level 4. HP: 30/30 MP: 4/4
  1403 | D:2      | Noticed Sigmund
  2408 | D:3      | Found a blossoming altar of Fedhas.
  2474 | D:3      | Reached XP level 5. HP: 32/34 MP: 5/5
  2487 | D:3      | You fall into a shaft and drop 3 floors!
  2496 | D:6      | Noticed an orc warrior
  2504 | D:5      | Entered Level 5 of the Dungeon
  2538 | D:5      | Reached skill level 5 in Fighting
  2567 | D:5      | Found a staircase to the Ecumenical Temple.
  2615 | D:5      | Noticed a centaur
  2626 | D:5      | Killed a centaur
  2626 | D:5      | Reached XP level 6. HP: 33/41 MP: 4/6
  2854 | D:5      | Reached skill level 6 in Fighting
  2858 | D:5      | Found a stormy altar of Qazlal.
  2903 | D:5      | Noticed Blork the orc
  2981 | D:6      | Killed from afar by an orc wizard

Levels and vault maps discovered:
D:1:      elethiomel_arrival_infinity_welcomes_careful_drivers, layout_basic,
          minmay_misc_feat_room
D:2:      layout_basic, bloody_makhleb, lemuel_doored_altar, solitary_fountain,
          uniq_sigmund
D:3:      layout_loops_ring, old_standard_altar, first_ration,
          fedhas_ov_isle_minmay, uniq_ijyb
D:5:      layout_loops_cross, lemuel_round_altar, nicolae_gozag_seed_capital,
          minmay_temple_entry_glassed_door, uniq_blork_the_orc, uniq_duvessa
D:6:      layout_rooms, lemuel_crystal_altar, cheibriados_altar_1,
          nicolae_overflow_crystal_walls, uniq_crazy_yiuf_cottage

Skill      XL: |  1  2  3  4  5  6 |
---------------+-------------------+-----
Fighting       | 4 5 6 |  6.0
Maces & Flails | 3 4 |  4.9
Armour         | |  3.2
Shields        | |  3.2

Action                   |  1- 3 |  4- 6 || total
-------------------------+-------+-------++-------
Melee: Flail             |   146 |   112 ||   258
  Use: Scroll            |     2 |     1 ||     3
  Eat: Chunk             |     2 |     5 ||     7
Armor: Scale mail        |    98 |   139 ||   237
Dodge: Dodged            |    54 |    83 ||   137
Block: Shield            |    86 |    94 ||   180

Table legend:
 A = Non-vault XP
 B = Vault XP
 C = Vault XP percentage of total XP
 D = Non-vault monster count
 E = Vault monster count
 F = Vault count percentage of total count
                 A         B        C        D         E       F
            +---------+---------+-------+---------+---------+-------
      Total |     484 |       0 |   0.0 |      66 |       0 |   0.0
            +---------+---------+-------+---------+---------+-------
        D:1 |      46 |       0 |   0.0 |      24 |       0 |   0.0
        D:2 |      96 |       0 |   0.0 |      26 |       0 |   0.0
        D:3 |      26 |       0 |   0.0 |       7 |       0 |   0.0
        D:5 |     316 |       0 |   0.0 |       9 |       0 |   0.0
            +---------+---------+-------+---------+---------+-------
